 Dungeon Crawl Stone Soup version 0.26-b1-32-g5d43845318 (webtiles) character file.

Game seed: 6827054689310365014

945566 Arthanis the Archmage (level 27, -2/159 HPs)
             Began as a Deep Elf Fire Elementalist on Jan 11, 2021.
             Was the Champion of Vehumet.
             Slain by Reang the pandemonium lord (27 damage)
             ... on level 16 of a ziggurat on Jan 12, 2021.
             The game lasted 04:22:15 (65143 turns).

Arthanis the Archmage (Deep Elf Fire Elementalist) Turns: 65143, Time: 04:22:16

Health: -2/159     AC: 12    Str:  8    XL:     27
Magic:  73/74      EV: 25    Int: 36    God:    Vehumet [******]
Gold:   3439       SH:  9    Dex: 13    Spells: 7/80 levels left

rFire    + + .     SeeInvis +   r - staff of fire
rCold    + + +     Faith    .   e - +3 buckler {rF+}
rNeg     + . .     Spirit   .   a - +2 robe of Summertime {Will+ Regen+ SInv}
rPois    +         Reflect  .   W - +1 hat of Filth {rPois rC++}
rElec    .         Harm     .   k - scarf {rC+ rF+}
rCorr    .         Rampage  .   R - +0 pair of gloves {Str+3}
Will     +++..                  L - +2 pair of boots {run}
Stlth    ++++......             x - amulet of Pajo {RegenMP rF+}
HPRegen  0.76/turn              D - ring of magical power
MPRegen  0.69/turn              J - ring of the Distant Future {rN+ MP+9 Dex-4 Stlth-}

@: lethally poisoned (-2 -> -2), fire vulnerable, vertigo, hasted, studying
Shields, silenced, very quick
A: molten scales 1, thin skeletal structure 1, clever 1
}: 4/15 runes: serpentine, barnacled, slimy, silver
a: Renounce Religion


You were on level 16 of a ziggurat.
You worshipped Vehumet.
Vehumet was exalted by your worship.
You visited 11 branches of the dungeon, and saw 52 of its levels.
You visited 2 bazaars.
You visited 2 ziggurats (completing 1), and saw 43 of their levels.
You also visited: Trove, Ossuary and Ice Cave.

You collected 8066 gold pieces.
You spent 4627 gold pieces at shops.

Inventory:

Hand Weapons
 s - the +0 flail "Elf's Curse" {elec, rPois Int+3 Dex+2}
   (You bought it in a shop in a bazaar)

   Occasionally, upon striking a foe, it can discharge electrical energy and
   cause terrible harm.
   It affects your intelligence (+3).
   It affects your dexterity (+2).
   It protects you from poison.
Armour
 a - the +2 robe of Summertime (worn) {Will+ Regen+ SInv}
   (You found it on level 5 of the Pits of Slime)

   It affects your willpower, your defense against some magical effects.
   It lets you see invisible.
   It increases your rate of regeneration.
 e - a +3 buckler of fire resistance (worn)
 k - a scarf of resistance (worn)
 L - a +2 pair of boots of running (worn)
 R - a +0 pair of gloves of strength (worn)
 W - the +1 hat of Filth (worn) {rPois rC++}
   (You found it on level 9 of the Dungeon)

   It greatly protects you from cold.
   It protects you from poison.
Magical Staves
 r - an uncursed staff of fire (weapon)
Jewellery
 x - the amulet of Pajo (around neck) {RegenMP rF+}
   (You found it on level 1 of the Vaults)

   [amulet of magic regeneration]

   It increases your magic regeneration.
   It protects you from fire.
 D - a ring of magical power (left hand)
 G - the ring "Dimog" {Fire rElec}
   (You took it off a tengu reaver on level 5 of the Vaults)

   [ring of fire]

   It enhances your fire magic.
   It protects you from fire.
   It makes you vulnerable to cold.
   It insulates you from electricity.
 I - the ring "Paroyph" {rF+ Str-5 Dex+5, unknown}
   (You found it on level 7 of a ziggurat)

   [ring of protection from fire]

   It affects your strength (-5).
   It affects your dexterity (+5).
   It protects you from fire.
 J - the ring of the Distant Future (right hand) {rN+ MP+9 Dex-4 Stlth-}
   (You found it on level 7 of a ziggurat)

   [ring of attention]

   It affects your dexterity (-4).
   It protects you from negative energy.
   It affects your magic capacity (+9).
   It makes you less stealthy.
 K - the ring "Nicvojurch" {rN+++ Will- EV+4 Str+2, unknown}
   (You found it on level 13 of a ziggurat)

   [ring of evasion]

   It affects your evasion (+4).
   It affects your strength (+2).
   It renders you almost immune to negative energy.
   It affects your willpower, your defense against some magical effects.
 M - the ring "Kow Ipho" {Ice *Drain rElec Int+5 Dex+3, unknown}
   (You found it on level 9 of a ziggurat)

   [ring of ice]

   It enhances your ice magic.
   It affects your intelligence (+5).
   It affects your dexterity (+3).
   It makes you vulnerable to fire.
   It protects you from cold.
   It insulates you from electricity.
   It causes draining when unequipped.
 Y - the amulet of the Four Winds {rN+ Will+++ Clar}
   (You found it on level 13 of the Dungeon)

   [amulet of nothing]

   It protects you from negative energy.
   It affects your willpower, your defense against some magical effects.
   It protects you against confusion.
Wands
 t - a wand of iceblast (57)
 u - a wand of digging (32)
 N - a wand of acid (5)
 T - a wand of disintegration (66)
Scrolls
 b - 7 scrolls of magic mapping
 c - 30 scrolls of teleportation
 j - 6 scrolls of immolation
 m - 19 scrolls of fog
 n - 45 scrolls of remove curse
 p - 13 scrolls of blinking
 y - 2 scrolls of summoning
 H - 8 scrolls of holy word
 P - 8 scrolls of silence
 Q - 3 scrolls of enchant armour
 U - 8 scrolls of fear
 X - 9 scrolls of amnesia
Potions
 d - 16 potions of lignification
 g - 6 potions of flight
 h - 23 potions of curing
 i - 7 potions of heal wounds
 l - 7 potions of might
 o - 2 potions of magic
 v - a potion of invisibility
 w - 5 potions of resistance
 z - a potion of experience
 A - 9 potions of brilliance
 C - 32 potions of mutation
 F - a potion of ambrosia
 O - 7 potions of cancellation
Books
 q - a manual of Shields
Miscellaneous
 f - a tin of tremorstones (2/2)
 E - a box of beasts
 V - a lightning rod (4/4)


   Skills:
 + Level 12.9 Fighting
 - Level 6.0 Armour
 O Level 27 Dodging
 - Level 10.0 Stealth
 + Level 8.2 Shields
 O Level 27 Spellcasting
 * Level 24.3 Conjurations
 - Level 22.0 Necromancy
 - Level 14.0 Transmutations
 O Level 27 Fire Magic
 + Level 20.6 Air Magic
 + Level 20.7 Earth Magic
 - Level 21.0 Evocations


You had 7 spell levels left.
You knew the following spells:

 Your Spells              Type           Power        Failure   Level
a - Tornado               Air            57%          4%          9
b - Ignition              Fire           76%          1%          8
c - Fire Storm            Conj/Fire      75%          1%          9
d - Necromutation         Tmut/Necr      54%          4%          8
e - Death's Door          Necr           59%          11%         9
f - Blink                 Tloc           N/A          2%          2
g - Sublimation of Blood  Necr           59%          1%          2
h - Passage of Golubria   Tloc           N/A          10%         4
i - Orb of Destruction    Conj           61%          1%          7
j - Starburst             Conj/Fire      75%          1%          6
l - Shatter               Erth           57%          4%          9

Your spell library contained the following spells:

 Spells                   Type           Power        Failure   Level
 Animate Skeleton         Necr           100%         1%          1
 Apportation              Tloc           96%          1%          1
 Beastly Appendage        Tmut           100%         1%          1
 Corona                   Hex            53%          1%          1
 Foxfire                  Conj/Fire      100%         1%          1
 Freeze                   Ice            100%         1%          1
 Magic Dart               Conj           100%         1%          1
 Pain                     Necr           100%         1%          1
 Sandblast                Erth           100%         1%          1
 Shock                    Conj/Air       100%         1%          1
 Sting                    Tmut/Pois      100%         1%          1
 Summon Small Mammal      Summ           100%         1%          1
 Corpse Rot               Necr/Air       N/A          1%          2
 Passwall                 Tmut/Erth      90%          1%          2
 Poisonous Vapours        Pois/Air       100%         1%          2
 Searing Ray              Conj           100%         1%          2
 Swiftness                Air            100%         1%          2
 Wereblood                Tmut           99%          1%          2
 Conjure Flame            Conj/Fire      100%         1%          3
 Dazzling Flash           Conj/Hex       100%         1%          3
 Frozen Ramparts          Ice            96%          1%          3
 Ignite Poison            Fire/Tmut/Pois 100%         1%          3
 Inner Flame              Hex/Fire       100%         1%          3
 Mephitic Cloud           Conj/Pois/Air  100%         1%          3
 Spider Form              Tmut/Pois      39%          1%          3
 Static Discharge         Conj/Air       100%         1%          3
 Stone Arrow              Conj/Erth      100%         1%          3
 Vampiric Draining        Necr           59%          1%          3
 Airstrike                Air            57%          1%          4
 Animate Dead             Necr           59%          1%          4
 Dispel Undead            Necr           100%         1%          4
 Fulminant Prism          Conj/Hex       47%          1%          4
 Hailstorm                Conj/Ice       94%          1%          4
 Ice Form                 Ice/Tmut       78%          1%          4
 Iskenderun's Mystic Bla  Conj/Tloc      94%          1%          4
 Leda's Liquefaction      Hex/Erth       44%          1%          4
 Petrify                  Tmut/Erth      100%         1%          4
 Sticky Flame             Conj/Fire      100%         1%          4
 Summon Lightning Spire   Summ/Air       89%          1%          4
 Agony                    Necr           100%         1%          5
 Blade Hands              Tmut           49%          1%          5
 Bolt of Magma            Conj/Fire/Erth 73%          1%          5
 Borgnjor's Vile Clutch   Necr/Erth      58%          1%          5
 Excruciating Wounds      Necr           59%          1%          5
 Fireball                 Conj/Fire      75%          1%          5
 Irradiate                Conj/Tmut      56%          1%          5
 Iskenderun's Battlesphe  Conj           100%         1%          5
 Lee's Rapid Deconstruct  Erth           57%          1%          5
 Lightning Bolt           Conj/Air       59%          1%          5
 Silence                  Hex/Air        44%          1%          5
 Yara's Violent Unravell  Hex/Tmut       39%          1%          5
 Conjure Ball Lightning   Conj/Air       59%          1%          6
 Death Channel            Necr           59%          1%          6
 Freezing Cloud           Conj/Ice/Air   51%          1%          6
 Hydra Form               Tmut           49%          1%          6
 Iron Shot                Conj/Erth      59%          1%          6
 Statue Form              Tmut/Erth      72%          1%          6
 Spellforged Servitor     Conj/Summ      47%          1%          7
 Call Imp                 Summ           48%          2%          2
 Ensorcelled Hibernation  Hex/Ice        96%          2%          2
 Slow                     Hex            48%          2%          2
 Olgreb's Toxic Radiance  Pois           48%          2%          4
 Alistair's Intoxication  Tmut/Pois      52%          2%          5
 Eringya's Noxious Bog    Tmut/Pois      39%          2%          6
 Simulacrum               Ice/Necr       45%          2%          6
 Dragon Form              Tmut           49%          3%          7
 Call Canine Familiar     Summ           48%          4%          3
 Confusing Touch          Hex            48%          4%          3
 Gell's Gravitas          Tloc           24%          4%          3
 Lesser Beckoning         Tloc           24%          4%          3
 Ozocubu's Armour         Ice            48%          4%          3
 Portal Projectile        Hex/Tloc       96%          4%          3
 Summon Guardian Golem    Hex/Summ       48%          4%          3
 Tukima's Dance           Hex            48%          4%          3
 Haunt                    Necr/Summ      45%          9%          7
 Cause Fear               Hex            24%          10%         4
 Summon Ice Beast         Ice/Summ       48%          10%         4
 Metabolic Englaciation   Hex/Ice        24%          21%         5
 Summon Demon             Summ           24%          21%         5
 Summon Forest            Summ/Tloc      24%          21%         5
 Summon Mana Viper        Hex/Summ       48%          21%         5
 Ozocubu's Refrigeration  Ice            24%          24%         6
 Dispersal                Tloc           24%          67%         6
 Invisibility             Hex            48%          67%         6
 Shadow Creatures         Summ           N/A          67%         6
 Malign Gateway           Summ/Tloc      24%          99%         7
 Monstrous Menagerie      Summ           24%          99%         7
 Summon Greater Demon     Summ           24%          99%         7
 Summon Hydra             Summ           24%          99%         7
 Borgnjor's Revivificati  Necr           59%          1%          8
 Infestation              Necr           59%          1%          8
 Discord                  Hex            24%          100%        8
 Disjunction              Tloc           24%          100%        8
 Summon Horrible Things   Summ           24%          100%        8
 Dragon's Call            Summ           24%          100%        9


Dungeon Overview and Level Annotations

Branches:
Dungeon (15/15)            Temple (1/1) D:6            Lair (6/6) D:10
 Shoals (4/4) Lair:4        Snake (4/4) Lair:4        Slime (5/5) Lair:6
    Orc (2/2) D:9             Elf (3/3) Orc:2        Vaults (5/5) D:14
  Crypt (3/3) Vaults:2     Depths (4/5) D:15        Ossuary (visited)
  IceCv (visited)
   Tomb: Crypt:3

Altars:
Ashenzari
Cheibriados
Dithmenos
Elyvilon
Fedhas
Gozag
Kikubaaqudgha
Makhleb
Nemelex Xobeh
Okawaru
Ru
Sif Muna
Vehumet
Wu Jian
Xom
Yredelemnul
Zin
The Shining One
Beogh

Shops:
D:4 [   D:5 *   D:6 *   D:9 [   D:10 (   Orc:2 ((:[}   Shoals:1 [   Vaults:1 }
Vaults:5 ?   Depths:3 ?

Portals:
Hell: Depths:1 Depths:2 Depths:3 Depths:4
Abyss: Depths:4
Pandemonium: Depths:3


Innate Abilities, Weirdness & Mutations

You are partially covered in molten scales. (AC +2)
You have a somewhat thin skeletal structure. (Dex +2, Stealth)
Your mind is acute. (Int +2)


Message History

A dream sheep comes into view.
A chaos spawn comes into view.
You feel much better. Reang barely misses you.
The Killer Klown blinks!
You block Cyebadif's attack.
The quicksilver dragon closely misses you.
The quicksilver dragon misses you.
Feeranun gestures.
Feeranun seems to speed up.
The iron dragon completely misses you. The iron dragon closely misses you.
The iron dragon tramples you.
* * * LOW HITPOINT WARNING * * *
You hold your ground!
You cannot cast spells when silenced!
You feel much better.
The winds around you start to calm down.
You float gracefully downwards.
The Killer Klown completely misses you. Cyebadif hits you!!
* * * LOW HITPOINT WARNING * * *
Cyebadif freezes you.
* * * LOW HITPOINT WARNING * * *
Reang stings you!!
You die...

▓▓▓▓▓▓▓▓▓▓▓▓
....§§§§§&D▓▓
....§§§§D@pu▓▓
§§..§§§§§&§§&▓▓
§§..§§§§§§§§D§▓▓
†...§§§§§§§§u§&▓▓
.§4§§§§§§§§§§§§.▓▓
..§.§4§u§§§§§§§∩.▓
t†Y.............▓▓
v..............▓▓
...v..........▓▓


You could see Cyebadif, Feeranun (fast), Reang (strong, silencing), Umyuj, a
Killer Klown (fast, invisible), a shadow dragon, an iron dragon (fast), a white
very ugly thing, a quicksilver dragon, 2 ugly things, 2 chaos spawn and a dream
sheep.

Vanquished Creatures
  the Royal Jelly (Slime:5)
  25 pandemonium lords
  A juggernaut (Zig:3)
  A juggernaut (shapeshifter) (Zig:26)
  6 ancient liches
  8 royal mummies (Zig:23)
  Sojobo (Vaults:2)
  Boris (twice) (Depths:3 Depths:4)
  17 Killer Klowns
  Margery (Crypt:1)
  Saint Roka (Depths:1)
  4 shard shrikes
  Vashnia (Snake:4)
  Frederick (Vaults:2)
  A caustic shrike (Zig:21)
  A curse toe (Crypt:3)
  6 golden dragons
  Nikola (Depths:1)
  The ghost of Raspi the Severer, an adept FoFi of Qazlal (Vaults:4)
  A pearl dragon (Depths:1)
  11 starcursed masses
  6 Tzitzimimeh
  6 bone dragons
  5 doom hounds
  11 iron giants
  A Brimstone Fiend (Zig:5)
  A hellephant (Depths:2)
  Rupert (D:12)
  2 Ice Fiends (Zig:13)
  6 tentacled monstrosities
  10 liches
  8 Hell Sentinels
  11 deep elf master archers
  Asterion (Depths:1)
  7 titans
  23 acid blobs
  A quicksilver dragon (shapeshifter) (Zig:26)
  8 deep elf blademasters
  5 tentacled starspawn
  A quicksilver dragon (Depths:4)
  3 sphinxes (shapeshifter)
  Polyphemus (Shoals:3)
  Agnes (Elf:1)
  9 sphinxes
  11 ancient champions
  3 shadow dragons
  2 Executioners (Zig:17)
  A shadow dragon (shapeshifter) (Zig:26)
  An azure jelly (shapeshifter) (Zig:9)
  12 tengu reavers
  Donald (Elf:1)
  A fenstrider witch (shapeshifter) (Zig:11)
  6 draconian monks (Zig:15)
  5 storm dragons
  5 revenants
  14 azure jellies
  10 nagarajas
  Roxanne (Shoals:1)
  7 fire giants
  Aizul (Vaults:1)
  14 frost giants
  7 orc warlords
  8 ghost moths (Zig:18)
  10 deep elf sorcerers
  4 draconian knights
  A frost giant (shapeshifter) (Zig:16)
  19 vault wardens
  5 iron dragons
  3 deep elf elementalists (Elf:3)
  4 draconian scorchers
  2 caustic shrike zombies
  14 reapers
  2 cacodemons
  Louise (Depths:4)
  2 warmongers (Zig:17)
  4 curse skulls
  2 juggernaut zombies
  A ghoul (Crypt:3)
  3 draconian stormcallers (Zig:15)
  5 balrugs
  6 war gargoyles
  4 draconian shifters
  10 vampire knights
  3 spriggan defenders
  3 juggernaut skeletons
  7 blood saints
  15 ironheart preservers
  24 stone giants
  4 bennus (Zig:23)
  14 draconian annihilators
  A green draconian (Zig:15)
  2 ophanim
  2 caustic shrike skeletons
  A stone giant (shapeshifter) (Zig:16)
  An apis (Depths:1)
  3 corrupters
  33 very ugly things
  9 deep elf demonologists
  9 dire elephants (Depths:2)
  6 black draconians
  A black sun (Zig:17)
  A bunyip (Zig:9)
  3 lorocyprocas
  8 entropy weavers
  2 white draconians (Zig:15)
  21 deep elf annihilators
  4 purple draconians (Zig:15)
  A dire elephant (shapeshifter) (Zig:26)
  9 blizzard demons
  5 deep elf death magi
  6 crystal guardians (Zig:21)
  5 eleionomae (shapeshifter)
  An eleionoma (Zig:9)
  Snorg (D:13)
  9 mummy priests
  16 merfolk javelineers
  4 eidola
  11 death oozes
  3 green deaths
  A shambling mangrove (Zig:9)
  11 ettins
  15 yaktaur captains
  6 jiangshi
  5 deep elf high priests
  5 fire dragons
  2 quicksilver dragon zombies
  A quicksilver dragon skeleton (Zig:20)
  19 great orbs of eyes
  20 merfolk impalers
  17 naga warriors
  13 ice dragons
  Erolcha (D:13)
  An ice dragon (shapeshifter) (Vaults:5)
  5 boulder beetles
  18 hydras
  A juggernaut simulacrum (Zig:15)
  A caustic shrike simulacrum (Zig:13)
  6 rakshasas
  35 vault guards
  16 merfolk aquamancers
  2 catoblepae
  3 merfolk avatars
  11 anacondas
  An anaconda (shapeshifter) (Zig:26)
  3 spriggan air magi
  19 ogre magi
  8 centaur warriors
  6 death knights
  The ghost of Krom the Cleaver, a novice MiFi of Okawaru (D:9)
  2 death scarabs (Zig:23)
  7 tengu warriors
  A two-headed ogre (shapeshifter) (Vaults:5)
  6 satyrs
  6 deep troll shamans
  17 orc high priests
  2 alligators (Zig:9)
  26 two-headed ogres
  38 dancing weapons
  12 death yaks
  2 hell hogs
  5 deep troll earth magi
  6 thrashing horrors
  4 vampire magi
  2 titan zombies (Zig:20)
  17 naga sharpshooters
  3 storm dragon zombies
  35 deep elf knights
  3 iron golems (Zig:21)
  A spriggan berserker (Depths:3)
  8 shock serpents
  3 storm dragon skeletons
  3 shadow wraiths
  A sun demon (Zig:16)
  33 skeletal warriors
  9 soul eaters
  2 death drakes (shapeshifter) (Zig:13)
  6 wretched stars
  12 hell knights
  2 iron trolls (shapeshifter)
  3 iron trolls
  A sea snake (shapeshifter) (Vaults:2)
  A sixfirhy (Zig:17)
  5 salamander mystics
  4 spatial maelstroms
  A glowing orange brain (shapeshifter) (Zig:11)
  19 large abominations
  A spriggan druid (Zig:9)
  16 deep trolls
  7 flayed ghosts
  2 goliath frogs (shapeshifter)
  2 shadow demons
  3 golden dragon zombies
  3 swamp dragons (Zig:9)
  2 bog bodies
  2 iron giant skeletons (Crypt:3)
  2 obsidian statues
  5 tengu zombies
  16 sea snakes
  40 deep elf archers
  6 glowing orange brains
  5 orange crystal statues
  13 wizards
  3 golden dragon skeletons
  20 ironbrand convokers
  15 necromancers
  6 naga ritualists
  12 mana vipers
  A goliath frog zombie (Crypt:2)
  23 harpies
  96 deep elf magi
  An anaconda skeleton (Crypt:3)
  4 orc sorcerers
  4 shadow dragon zombies
  A wolf spider zombie (D:11)
  2 frost giant zombies
  21 orc knights
  19 phantasmal warriors
  32 manticores
  41 ugly things
  3 wolf spiders (shapeshifter)
  A tengu skeleton (Zig:12)
  A cyclops (shapeshifter) (Zig:7)
  3 oklob plants (Lair:6)
  A mana viper (shapeshifter) (Zig:13)
  2 shadow dragon skeletons
  6 wolf spiders
  7 orb spiders (Zig:18)
  2 orb spiders (shapeshifter)
  14 shining eyes
  A stone giant zombie (Crypt:1)
  4 moths of wrath
  12 salamanders
  13 cyclopes
  A goliath frog skeleton (Crypt:2)
  A manticore (shapeshifter) (Zig:11)
  10 fauns
  A worldbinder (Zig:10)
  6 fire giant zombies
  2 sphinx skeletons
  A stone giant skeleton (Depths:1)
  A will-o-the-wisp (Zig:25)
  A frost giant skeleton (Crypt:1)
  14 elephants
  A moth of wrath (shapeshifter) (D:15)
  9 apocalypse crabs
  6 centaur zombies
  An iron dragon skeleton (Zig:14)
  A salamander (shapeshifter) (Vaults:5)
  16 merfolk sirens
  3 smoke demons
  A black mamba (shapeshifter) (Depths:4)
  12 water nymphs
  4 fire giant skeletons
  32 black mambas
  3 guardian serpents
  A storm dragon simulacrum (Vaults:3)
  2 ice statues
  11 vault sentinels
  2 eyes of devastation
  29 naga magi
  2 orange demons
  4 gargoyles
  14 cane toads
  3 komodo dragons (shapeshifter)
  5 torpor snails
  8 hellions
  8 swamp worm zombies (Crypt:2)
  A hellwing (Zig:17)
  12 tormentors
  4 efreet
  13 komodo dragons
  4 spriggan skeletons
  9 rime drakes
  57 yaktaurs
  2 tengu conjurers
  4 demonic crawlers
  11 freezing wraiths
  A spark wasp simulacrum (Depths:1)
  A death drake zombie (Crypt:2)
  A red devil (Zig:12)
  11 trolls
  10 ancient zymes
  21 guardian mummies
  A grey draconian skeleton (Crypt:1)
  8 human skeletons
  3 ice devils
  2 yaktaur skeletons (Vaults:2)
  6 jumping spiders
  A meliai (shapeshifter) (Depths:4)
  A jumping spider (shapeshifter) (D:15)
  88 merfolk
  2 merfolk (shapeshifter)
  11 polar bears
  A slime creature (shapeshifter) (Vaults:5)
  146 slime creatures
  Prince Ribbit (Lair:2)
  7 wind drakes
  2 silent spectres
  3 wind drakes (shapeshifter)
  9 hornets
  A fire dragon zombie (Depths:1)
  A snapping turtle (shapeshifter) (Zig:13)
  8 dream sheep
  6 blink frogs
  2 raiju (shapeshifter)
  10 raiju
  12 snapping turtles
  4 air elementals
  6 ettin skeletons
  9 shadows
  A dream sheep (shapeshifter) (Zig:16)
  Sigmund (D:4)
  13 flying skulls
  4 ynoxinuls
  3 vampires
  A redback (shapeshifter) (Vaults:1)
  2 spriggans (shapeshifter)
  3 tarantellas (shapeshifter)
  6 tarantellas
  8 redbacks
  19 wraiths
  7 ushabtiu
  A yak (shapeshifter) (Depths:3)
  22 water elementals
  A human (shapeshifter) (Vaults:2)
  61 yaks
  A hog (shapeshifter) (Zig:22)
  7 wyverns
  A fire elemental (Zig:22)
  21 humans
  10 golden eyes
  A yaktaur simulacrum (Depths:1)
  A basilisk (shapeshifter) (Vaults:1)
  4 neqoxecs
  10 vampire mosquitoes
  6 basilisks
  17 chaos spawn
  A wind drake skeleton (Crypt:1)
  A steam dragon (shapeshifter) (D:15)
  A human zombie (Zig:12)
  51 nagas
  A swamp worm (shapeshifter) (Zig:13)
  An acid dragon (D:15)
  A warg (shapeshifter) (Elf:3)
  13 wargs
  3 hell hounds
  3 floating eyes (shapeshifter)
  19 water moccasins
  A monstrous demonspawn skeleton (Crypt:3)
  2 floating eyes (D:15)
  An infernal demonspawn skeleton (Crypt:1)
  A cane toad skeleton (Crypt:1)
  14 small abominations
  A black bear (shapeshifter) (Vaults:1)
  55 orc warriors
  4 ice beasts
  4 sky beasts
  40 ogres
  3 black bears
  11 boggarts
  An eye of draining (shapeshifter) (Depths:3)
  13 eyes of draining
  3 phantoms
  8 elf skeletons
  9 necrophages
  An ogre (shapeshifter) (Elf:3)
  11 centaurs
  28 wolves
  2 elf simulacra
  A hog skeleton (Crypt:3)
  3 elf zombies
  28 bullfrogs
  A glowing shapeshifter simulacrum (Zig:20)
  9 earth elementals
  2 scorpions
  2 spriggan zombies
  25 killer bees
  A raiju zombie (Crypt:3)
  6 wights
  4 howler monkeys
  4 electric eels
  2 bullfrog zombies
  3 crimson imps
  8 jellies
  2 black bear zombies
  A quasit (D:11)
  3 hounds
  40 orc priests
  2 bullfrog skeletons
  7 centaur skeletons
  3 iguanas
  Terence (D:2)
  12 worker ants
  30 orc wizards
  A felid zombie (Crypt:1)
  A sky beast zombie (Crypt:3)
  2 hound zombies
  A hound skeleton (D:7)
  39 mummies
  A gnoll (Zig:14)
  20 adders
  7 shadow imps
  9 white imps
  2 ufetubi
  2 oozes
  2 adder skeletons
  A worm (D:3)
  3 dart slugs
  6 leopard geckos
  109 orcs
  A giant cockroach (D:1)
  9 goblins
  5 hobgoblins
  4 jackals (D:2)
  6 quokkas
  4 ball pythons
  A ball python zombie (Crypt:3)
  9 bats
  6 frilled lizards
  5 gnoll skeletons (Ossuary)
  A goblin zombie (D:7)
  A jackal skeleton (D:6)
  A jackal zombie (Crypt:2)
  4 kobolds
  9 kobold skeletons (Ossuary)
  A leopard gecko skeleton (D:4)
  11 orc skeletons (Ossuary)
  An orc zombie (D:7)
  A quokka skeleton (D:7)
  A quokka zombie (D:3)
  8 rats
  A block of ice (Zig:26)
  3 bushes (Lair:6)
  2 crawling corpses (Elf:3)
  82 fire vortices
  A fungus (Depths:2)
  4 starspawn tentacles
3594 creatures vanquished.

Vanquished Creatures (collateral kills)
  2 ancient liches
  A royal mummy (Zig:23)
  3 tentacled monstrosities
  3 acid blobs
  A titan (Vaults:5)
  2 sphinxes
  An ancient champion (Crypt:1)
  3 tentacled starspawn (Zig:25)
  2 tengu reavers
  A fire giant (shapeshifter) (Zig:9)
  An azure jelly (Slime:5)
  An emperor scorpion (Zig:18)
  An iron dragon (Zig:21)
  A deep elf sorcerer (Zig:25)
  An ironheart preserver (Vaults:2)
  2 very ugly things
  A vampire knight (Crypt:1)
  A black sun (Zig:17)
  An entropy weaver (Zig:18)
  A purple draconian (Zig:15)
  3 dire elephants (Depths:2)
  A mummy priest (Zig:23)
  2 great orbs of eyes
  2 ice dragons
  A two-headed ogre (Vaults:3)
  A death knight (Zig:13)
  A naga sharpshooter (Snake:4)
  A skeletal warrior (Crypt:1)
  A titan skeleton (Zig:20)
  A golden dragon zombie (Zig:23)
  A glowing orange brain (Vaults:2)
  2 naga ritualists
  2 harpies (Zig:27)
  A golden dragon skeleton (Zig:15)
  A large abomination (Zig:25)
  A sphinx zombie (Zig:20)
  A wolf spider (Zig:18)
  A salamander (Snake:2)
  A moth of wrath (Zig:18)
  A smoke demon (Zig:25)
  A vault sentinel (Vaults:5)
  2 black mambas
  An apocalypse crab (Zig:16)
  2 elf zombies
  2 naga magi (Snake:4)
  A spriggan skeleton (Zig:15)
  A demonic crawler (Zig:18)
  A yaktaur (Zig:13)
  An ancient zyme (Zig:25)
  2 guardian mummies (Zig:23)
  A freezing wraith (Vaults:5)
  A shadow dragon simulacrum (Zig:13)
  4 slime creatures
  A shadow (Zig:20)
  A wraith (Crypt:1)
  2 golden eyes
  3 water elementals
  A neqoxec (Zig:25)
  2 nagas (Snake:4)
  A human skeleton (Zig:12)
  A faun skeleton (Crypt:2)
  An orc warrior (Depths:1)
  A necrophage (Crypt:3)
  2 ogres
  3 orc priests
  5 mummies
  A white imp (Zig:14)
  4 orcs
  A hobgoblin skeleton (Crypt:3)
  2 ball lightnings (D:15)
  3 foxfires
111 creatures vanquished.

Vanquished Creatures (others)
  A fire giant (shapeshifter) (Zig:26)
  A draconian shifter (Zig:15)
  A deep elf high priest (Zig:22)
  A dancing weapon (Zig:22)
  An ogre mage (Zig:24)
  A death yak (IceCv)
  A yak (IceCv)
  A necrophage (Zig:15)
  A wolf (IceCv)
  A shadow imp (Zig:15)
  16 ball lightnings
  1306 fire vortices
  2406 foxfires
  99 fungi
  204 plants
  5 starspawn tentacles
4046 creatures vanquished.

Grand Total: 7751 creatures vanquished

Notes
Turn   | Place    | Note
-------+----------+-------------------------------------------
     0 | D:1      | Arthanis the Deep Elf Fire Elementalist began the quest for
                  | the Orb.
     0 | D:1      | Reached XP level 1. HP: 10/10 MP: 6/6
   174 | D:1      | Reached XP level 2. HP: 15/15 MP: 5/8
   330 | D:1      | You fall into a shaft and drop 1 floor!
   375 | D:2      | Reached XP level 3. HP: 5/19 MP: 3/10
   805 | D:1      | Learned a level 3 spell: Conjure Flame
  1092 | D:2      | Noticed Terence
  1124 | D:2      | Killed Terence
  1125 | D:2      | Reached XP level 4. HP: 20/24 MP: 5/11
  1133 | D:2      | Learned a level 4 spell: Sticky Flame
  1468 | D:2      | Found a burning altar of Makhleb.
  2442 | D:3      | Reached skill level 5 in Fire Magic
  2442 | D:3      | Reached XP level 5. HP: 28/28 MP: 9/13
  2928 | D:4      | Found a shadowy altar of Dithmenos.
  3197 | D:4      | Learned a level 5 spell: Fireball
  3440 | D:4      | Reached XP level 6. HP: 32/32 MP: 9/15
  3552 | D:4      | Reached skill level 5 in Spellcasting
  3964 | D:4      | Reached XP level 7. HP: 36/36 MP: 10/17
  4171 | D:4      | Found Dojiutuj's Armour Shoppe.
  4313 | D:4      | Noticed Sigmund
  4323 | D:4      | Killed Sigmund
  4525 | D:5      | Entered Level 5 of the Dungeon
  4972 | D:5      | Found Jiabafuu's Assorted Antiques.
  4975 | D:5      | Bought a scroll labelled CUNNAXTOONG for 26 gold pieces
  4975 | D:5      | Bought a scroll labelled CUNNAXTOONG for 26 gold pieces
  4975 | D:5      | Bought a scroll labelled FYGRAW ATOU for 26 gold pieces
  4975 | D:5      | Bought a scroll labelled GUWATO GUPNIMI for 26 gold pieces
  4975 | D:5      | Bought a fuming inky potion for 23 gold pieces
  4975 | D:5      | Bought 2 purple potions for 46 gold pieces
  5212 | D:5      | Reached skill level 5 in Conjurations
  5279 | D:5      | Reached XP level 8. HP: 41/41 MP: 13/20
  6185 | D:6      | Found Suosania's Assorted Antiques.
  6193 | D:6      | Bought a scroll labelled ONOQIKLIASU for 30 gold pieces
  6193 | D:6      | Bought an orange potion for 27 gold pieces
  6643 | D:6      | Found a staircase to the Ecumenical Temple.
  6676 | D:6      | Found a sparkling altar of Nemelex Xobeh.
  6693 | Temple   | Entered the Ecumenical Temple
  6824 | Temple   | Became a worshipper of Vehumet
  7314 | D:7      | Found a sand-covered staircase.
  7455 | Ossuary  | Entered an ossuary
  7785 | Ossuary  | Reached * piety under Vehumet
  7785 | Ossuary  | Offered knowledge of Magic Dart by Vehumet.
  7788 | Ossuary  | Learned a level 1 spell: Magic Dart
  8337 | D:7      | Reached XP level 9. HP: 45/45 MP: 16/23
  8574 | D:7      | Reached skill level 10 in Fire Magic
  8723 | D:7      | Got a slimy leather armour
  8786 | D:7      | Offered knowledge of Sandblast by Vehumet.
  8878 | D:7      | Learned a level 2 spell: Blink
  8882 | D:7      | Learned a level 3 spell: Mephitic Cloud
  9042 | D:7      | Found a shimmering altar of Xom.
  9077 | D:7      | Found a shimmering altar of Xom.
  9077 | D:7      | Found a shimmering altar of Xom.
  9079 | D:7      | Found a shimmering altar of Xom.
  9083 | D:7      | Found a shimmering altar of Xom.
  9085 | D:7      | Found a shimmering altar of Xom.
  9087 | D:7      | Found a shimmering altar of Xom.
  9112 | D:7      | Reached ** piety under Vehumet
  9319 | D:8      | Reached skill level 1 in Evocations
  9640 | D:8      | Reached skill level 1 in Fighting
  9671 | D:8      | You fall into a shaft and drop 1 floor!
  9716 | D:9      | Noticed a troll
  9724 | D:9      | Killed a troll
 10052 | D:9      | Offered knowledge of Ignite Poison by Vehumet.
 10151 | D:9      | Found Jeucke's Armour Shop.
 10151 | D:9      | Found a staircase to the Orcish Mines.
 10160 | D:9      | Bought a cursed +0 pair of gloves for 38 gold pieces
 10240 | D:9      | Reached XP level 10. HP: 36/53 MP: 6/25
 10418 | D:9      | Found a transporter.
 10520 | D:9      | Found a transporter.
 10528 | D:9      | Noticed Krom's ghost (novice MiFi)
 10529 | D:9      | Noticed a moth of wrath
 10618 | D:9      | Found an opulent altar of Gozag.
 10628 | D:9      | Found a broken altar of Ashenzari.
 10694 | D:10     | Entered Level 10 of the Dungeon
 10749 | D:10     | Reached *** piety under Vehumet
 11266 | D:10     | Noticed a two-headed ogre
 11278 | D:10     | Killed a two-headed ogre
 11279 | D:10     | Reached skill level 10 in Spellcasting
 11547 | D:10     | Found a staircase to the Lair.
 11943 | D:10     | Found Erghac's Antique Weapon Shop.
 12400 | D:11     | Reached skill level 1 in Shields
 12401 | D:11     | Offered knowledge of Static Discharge by Vehumet.
 12921 | D:11     | Noticed a green ugly thing
 12966 | D:11     | Killed a green ugly thing
 13152 | D:11     | Reached XP level 11. HP: 57/57 MP: 19/27
 13827 | D:12     | Noticed a cyan ugly thing
 13834 | D:11     | Killed a cyan ugly thing
 14341 | D:12     | Noticed a six-headed hydra
 14344 | D:12     | Killed a six-headed hydra
 14442 | D:12     | Reached skill level 5 in Dodging
 14513 | D:12     | Reached **** piety under Vehumet
 14871 | D:12     | Offered knowledge of Lee's Rapid Deconstruction by Vehumet.
 15233 | D:12     | Noticed Rupert
 15468 | D:12     | Noticed an eight-headed hydra
 15483 | D:12     | Reached skill level 10 in Conjurations
 15578 | D:12     | Killed an eight-headed hydra
 15751 | D:12     | Reached XP level 12. HP: 62/62 MP: 17/29
 15952 | D:13     | Noticed Erolcha
 16378 | D:13     | Killed Erolcha
 16555 | D:13     | You fall into a shaft and drop 2 floors!
 16555 | D:15     | Entered Level 15 of the Dungeon
 16556 | D:15     | Noticed a centaur warrior
 16568 | D:15     | Killed a centaur warrior
 16895 | D:15     | Noticed a boulder beetle
 17370 | D:15     | Reached ***** piety under Vehumet
 17508 | D:15     | Identified the +1 leather armour of Muttered Phrases {rN++
                  | Int-5} (You found it on level 7 of the Dungeon)
 17541 | D:15     | Got a crystal long sword
 17724 | D:14     | Reached skill level 5 in Evocations
 18154 | D:13     | Noticed Snorg
 18159 | D:13     | Killed Snorg
 18294 | D:13     | Found the amulet of the Four Winds {rN+ Will+++ Clar}
 18352 | D:13     | Reached skill level 15 in Fire Magic
 18725 | D:13     | Offered knowledge of Olgreb's Toxic Radiance by Vehumet.
 19213 | D:14     | Reached XP level 13. HP: 66/66 MP: 26/32
 20080 | D:14     | Got a smoking hunting sling
 20325 | D:14     | Found a gate to the Vaults.
 21182 | D:14     | Got an iridescent war axe
 21443 | D:15     | Offered knowledge of Conjure Ball Lightning by Vehumet.
 21602 | D:14     | Identified the +10 long sword "Caokif" {flame, rElec Str+4}
                  | (You found it on level 15 of the Dungeon)
 21603 | D:14     | Identified the +5 hunting sling "Lahet" {flame, rElec
                  | Will+} (You found it on level 14 of the Dungeon)
 21604 | D:14     | Identified the +7 war axe of Wupupte {freeze, rElec Will+
                  | Str-4} (You found it on level 14 of the Dungeon)
 21936 | D:15     | Learned a level 6 spell: Conjure Ball Lightning
 22338 | D:15     | Noticed a shadow dragon
 22340 | D:15     | Noticed a frost giant
 22340 | D:15     | a shadow dragon changed into a frost giant
 22341 | D:15     | Noticed a sphinx
 22341 | D:15     | a frost giant changed into a sphinx
 22342 | D:15     | a sphinx changed into an iron troll
 22345 | D:15     | Noticed a stone giant
 22345 | D:15     | an alligator snapping turtle changed into a stone giant
 22349 | D:15     | Noticed an eleionoma
 22349 | D:15     | a stone giant changed into an eleionoma
 22360 | D:15     | Noticed a fire giant
 22361 | D:15     | Noticed a sphinx
 22361 | D:15     | a fire giant changed into a sphinx
 22656 | Orc:1    | Entered Level 1 of the Orcish Mines
 23090 | Orc:2    | Entered Level 2 of the Orcish Mines
 23108 | Orc:2    | Found Bootivva's Gadget Shoppe.
 23530 | Orc:2    | Reached XP level 14. HP: 72/72 MP: 23/34
 23784 | Orc:2    | Found a staircase to the Elven Halls.
 24620 | Orc:2    | Offered knowledge of Starburst by Vehumet.
 24753 | Orc:2    | Found Nicax's Antique Armour Boutique.
 24753 | Orc:2    | Found Qowubaonk's Book Shoppe.
 24758 | Orc:2    | Bought a tattered robe for 165 gold pieces
 24760 | Orc:2    | Identified the +1 robe of the Ant {Will- Str+4 Int+6} (You
                  | bought it in a shop on level 2 of the Orcish Mines)
 24942 | Orc:2    | Bought a book of Power for 495 gold pieces
 24950 | Orc:2    | Learned a level 7 spell: Orb of Destruction
 24957 | Orc:2    | Learned a level 6 spell: Starburst
 25287 | Orc:2    | Found Hyaroh's Weapon Shoppe.
 25287 | Orc:2    | Found Seufoox's Weapon Boutique.
 25505 | Orc:2    | Found a roughly hewn altar of Beogh.
 26152 | D:15     | Killed a sphinx
 26320 | D:15     | Found a staircase to the Depths.
 26480 | D:12     | Killed Rupert
 26620 | Lair:1   | Entered Level 1 of the Lair of Beasts
 26900 | Lair:1   | Reached skill level 15 in Spellcasting
 27751 | Lair:1   | Offered knowledge of Freezing Cloud by Vehumet.
 28382 | Lair:2   | Learned a level 5 spell: Bolt of Magma
 29079 | Lair:2   | Noticed Prince Ribbit
 29081 | Lair:2   | Killed Prince Ribbit
 29632 | Lair:3   | Found a glowing golden altar of the Shining One.
 30456 | Lair:4   | Reached XP level 15. HP: 76/76 MP: 29/36
 31168 | Lair:4   | Offered knowledge of Eringya's Noxious Bog by Vehumet.
 31233 | Lair:4   | Found a staircase to the Snake Pit.
 31379 | Lair:4   | Found a staircase to the Shoals.
 31718 | Lair:5   | Identified a scroll of acquirement
 31724 | Lair:5   | Acquired an uncursed staff of fire
 31741 | Lair:5   | Found a frozen archway.
 31767 | IceCv    | Entered an ice cave
 32963 | IceCv    | Noticed a frost giant
 32970 | IceCv    | Reached skill level 1 in Armour
 32972 | IceCv    | Killed a frost giant
 34428 | Lair:6   | Entered Level 6 of the Lair of Beasts
 34428 | Lair:6   | Found a staircase to the Slime Pits.
 35195 | Lair:6   | Offered knowledge of Yara's Violent Unravelling by Vehumet.
 36736 | Elf:1    | Entered Level 1 of the Elven Halls
 36750 | Elf:1    | Learned a level 5 spell: Iskenderun's Battlesphere
 36772 | Elf:1    | Noticed Donald
 36777 | Elf:1    | Killed Donald
 36778 | Elf:1    | Reached XP level 16. HP: 84/84 MP: 23/38
 37342 | Elf:1    | Noticed Agnes
 37350 | Elf:1    | Killed Agnes
 37490 | Elf:1    | Reached ****** piety under Vehumet
 37706 | Elf:1    | Identified the +1 leather armour of the Eternal Void
                  | {Rampage *Slow Will+++ MP+9}
 38345 | Elf:1    | Acquired a +1 pair of boots of flying
 38519 | Elf:2    | Reached skill level 10 in Evocations
 38522 | Elf:2    | Offered knowledge of Lehudib's Crystal Spear by Vehumet.
 38522 | Elf:2    | HP: 3/84 [deep elf knight/stone arrow (27)]
 39823 | Elf:2    | Found a runed translucent gate.
 39826 | Elf:2    | Found a runed translucent gate.
 39831 | Elf:2    | Found a runed translucent gate.
 39856 | Elf:2    | Reached skill level 15 in Conjurations
 40561 | Elf:2    | Reached XP level 17. HP: 68/88 MP: 32/40
 40573 | Elf:2    | Reached skill level 10 in Dodging
 41966 | Elf:3    | Entered Level 3 of the Elven Halls
 41969 | Elf:3    | Offered knowledge of Fire Storm by Vehumet.
 41969 | Elf:3    | Offered knowledge of Shatter by Vehumet.
 41969 | Elf:3    | Offered knowledge of Ignition by Vehumet.
 41982 | Elf:3    | Learned a level 8 spell: Ignition
 41992 | Elf:3    | Learned a level 9 spell: Fire Storm
 42860 | Elf:3    | Identified the amulet of Yendor {Spirit rC+ rN+ Dex+6}
 42862 | Elf:3    | Killed a deep elf master archer
 43671 | Elf:3    | Identified the +2 dire flail "Usuew" {holy, rElec rF- rN++
                  | Dex-5}
 43847 | Elf:3    | Noticed a deep elf master archer
 43877 | Elf:3    | Identified the +3 scale mail of Marbles {rC+ rCorr Slay+5}
 43881 | Elf:3    | Killed a deep elf master archer
 43895 | Elf:3    | Identified the +1 scale mail "Ynoej" {rF+ rC+ Dex-2}
 43895 | Elf:3    | Noticed a deep elf blademaster
 43905 | Elf:3    | Killed a deep elf blademaster
 43952 | Elf:3    | Reached XP level 18. HP: 43/94 MP: 21/42
 44437 | Elf:3    | Identified the Almanac of Poisonous Flight
 44537 | Elf:3    | Learned a level 2 spell: Sublimation of Blood
 44683 | D:9      | Killed Krom's ghost
 44698 | D:9      | Got a faintly glowing hat
 44821 | D:5      | Bought a scroll of teleportation for 78 gold pieces
 44821 | D:5      | Bought a scroll of teleportation for 78 gold pieces
 45045 | Snake:1  | Entered Level 1 of the Snake Pit
 45439 | Snake:2  | Reached skill level 1 in Necromancy
 45598 | Snake:2  | Identified the +1 hat of Filth {rPois rC++} (You found it
                  | on level 9 of the Dungeon)
 46815 | Snake:4  | Entered Level 4 of the Snake Pit
 46845 | Snake:4  | Noticed Vashnia
 46849 | Snake:4  | Killed Vashnia
 46958 | Snake:3  | Reached skill level 5 in Necromancy
 47155 | Snake:3  | Found a shimmering blue altar of Sif Muna.
 47306 | Snake:3  | Reached XP level 19. HP: 57/98 MP: 11/44
 48486 | Snake:4  | Got a serpentine rune of Zot
 48668 | Shoals:1 | Entered Level 1 of the Shoals
 48668 | Shoals:1 | Identified Roxanne's Papyrus of Moulding
 48668 | Shoals:1 | Noticed Roxanne
 48677 | Shoals:1 | Killed Roxanne
 48868 | Slime:1  | Entered Level 1 of the Pits of Slime
 50037 | Slime:5  | Entered Level 5 of the Pits of Slime
 50045 | Slime:5  | Reached XP level 20. HP: 98/103 MP: 20/46
 50058 | Slime:5  | Noticed the Royal Jelly
 50059 | Slime:5  | Killed the Royal Jelly
 50494 | Slime:5  | Found the +8 Wrath of Trog {antimagic, *Rage}
 50505 | Slime:5  | Got a slimy rune of Zot
 50507 | Slime:5  | Identified the ring of Tonulimufe {*Drain +Inv +Fly rF+
                  | Str+6} (You found it on level 5 of the Pits of Slime)
 50520 | Slime:5  | Identified the +7 mace of Freezing Cruel Justice {flame,
                  | *Contam rElec rPois Stlth+} (You found it on level 5 of the
                  | Pits of Slime)
 50551 | Slime:5  | Identified the +2 robe of Summertime {Will+ Regen+ SInv}
                  | (You found it on level 5 of the Pits of Slime)
 50573 | Slime:5  | Got a serpentine iron amulet
 50579 | Slime:5  | Identified the Incunabulum of the Desert
 50596 | Slime:5  | Identified Sif Muna's Guide on Creation and Combat Magic
 50609 | Slime:5  | Identified the Grimoire of Companions
 50649 | Slime:5  | Got a translucent long sword
 50979 | Shoals:1 | Found Suyz's Armour Shop.
 51571 | Shoals:3 | Noticed Polyphemus
 51575 | Shoals:3 | Killed Polyphemus
 51674 | Shoals:4 | Entered Level 4 of the Shoals
 52302 | Shoals:4 | Got a barnacled rune of Zot
 52627 | Vaults:1 | Entered Level 1 of the Vaults
 52737 | Vaults:1 | Found Xawkal's Gadget Boutique.
 52755 | Vaults:1 | Reached XP level 21. HP: 108/108 MP: 48/48
 52755 | Vaults:1 | Bought a wand of acid (6) for 300 gold pieces
 52757 | Vaults:1 | Bought a wand of iceblast (5) for 135 gold pieces
 52757 | Vaults:1 | Bought a wand of iceblast (4) for 120 gold pieces
 52757 | Vaults:1 | Bought a wand of digging (4) for 240 gold pieces
 52757 | Vaults:1 | Bought a wand of digging (4) for 240 gold pieces
 52757 | Vaults:1 | Bought a wand of digging (8) for 360 gold pieces
 52757 | Vaults:1 | Bought a wand of disintegration (14) for 270 gold pieces
 52849 | Vaults:1 | Learned a level 9 spell: Shatter
 52984 | Vaults:1 | Got a slimy silver amulet
 53158 | Vaults:1 | Noticed Aizul
 53161 | Vaults:1 | Killed Aizul
 54009 | Vaults:2 | Identified the +4 long sword "Xaitseno" {antimagic, +Rage
                  | rN+ Will+ Int-3 Stlth+} (You found it on level 5 of the
                  | Pits of Slime)
 54450 | Vaults:3 | Identified the amulet "Ygoc" {Faith +Blink rF+ Int+3} (You
                  | found it on level 5 of the Pits of Slime)
 54570 | Vaults:3 | Reached skill level 5 in Fighting
 54592 | Vaults:3 | Reached skill level 5 in Shields
 54905 | Vaults:4 | Identified the amulet of Pajo {RegenMP rF+} (You found it
                  | on level 1 of the Vaults)
 54960 | Vaults:4 | Found a gateway to a bazaar.
 54969 | Vaults:4 | Reached XP level 22. HP: 116/116 MP: 50/50
 55162 | Vaults:4 | Found a portal to a secret trove of treasure.
 55205 | Vaults:4 | Found a runed translucent gate.
 55205 | Vaults:4 | Found an ancient bone altar of Kikubaaqudgha.
 55205 | Vaults:4 | Noticed Raspi's ghost (adept FoFi)
 55206 | Vaults:4 | Noticed an ancient lich
 55206 | Vaults:4 | Found a runed translucent gate.
 55206 | Vaults:4 | Found a runed translucent gate.
 55341 | Vaults:4 | Learned a level 9 spell: Tornado
 55597 | Vaults:2 | Noticed Sojobo
 55599 | Vaults:2 | Killed Sojobo
 55600 | Vaults:2 | Reached skill level 1 in Air Magic
 55638 | Vaults:2 | Noticed Frederick
 55641 | Vaults:2 | Killed Frederick
 55745 | Vaults:2 | Found a staircase to the Crypt.
 55749 | Crypt:1  | Entered Level 1 of the Crypt
 55766 | Crypt:1  | Killed Margery
 55768 | Crypt:1  | Reached skill level 5 in Air Magic
 56068 | Crypt:3  | Entered Level 3 of the Crypt
 56077 | Crypt:3  | Noticed a curse toe
 56244 | Crypt:2  | Reached XP level 23. HP: 121/121 MP: 51/51
 56341 | Crypt:2  | You are sucked into a shaft and drop 1 floor!
 56428 | Crypt:3  | Reached skill level 10 in Air Magic
 56505 | Crypt:3  | Killed a curse toe
 56652 | Crypt:3  | Found the +1 cloak of Starlight {*Dazzle EV+4 Stlth--}
 56655 | Crypt:3  | Found the +5 scythe "Finisher" {speed, eviscerate}
 56773 | Crypt:3  | Noticed an ancient lich
 56775 | Crypt:3  | Killed an ancient lich
 56825 | Crypt:3  | Noticed an ancient lich
 56829 | Crypt:3  | Killed an ancient lich
 56842 | Crypt:3  | Identified the Catalogue of Enthralling Creation
 56845 | Crypt:3  | Identified the Reference Book on Poisonous Shape Shifting
 57114 | Depths:1 | Entered Level 1 of the Depths
 57114 | Depths:1 | Noticed Asterion
 57116 | Depths:1 | Killed Asterion
 57128 | Depths:1 | Noticed Saint Roka
 57133 | Depths:1 | Killed Saint Roka
 57408 | Depths:1 | Noticed Nikola
 57411 | Depths:1 | Killed Nikola
 57469 | Depths:1 | Found a gateway to Hell.
 57540 | Depths:1 | Found a glowing silver altar of Zin.
 57540 | Depths:1 | Found a white marble altar of Elyvilon.
 57540 | Depths:1 | Found a glowing golden altar of the Shining One.
 57667 | Depths:2 | Reached skill level 15 in Air Magic
 57779 | Depths:2 | Reached XP level 24. HP: 127/127 MP: 52/52
 57920 | Depths:3 | Found Piejib's Magic Scroll Shoppe.
 58053 | Depths:3 | Bought a scroll of teleportation for 57 gold pieces
 58053 | Depths:3 | Bought a scroll of blinking for 142 gold pieces
 58053 | Depths:3 | Bought a scroll of magic mapping for 66 gold pieces
 58099 | Depths:3 | Found a one-way gate leading to the halls of Pandemonium.
 58225 | Depths:3 | Noticed Boris
 58228 | Depths:3 | Killed Boris
 58594 | Depths:4 | Found a one-way gate to the infinite horrors of the Abyss.
 58594 | Depths:4 | Identified the cursed +0 tower shield "Jimaod" {rPois Str+4
                  | Dex-3}
 58594 | Depths:4 | Noticed Louise
 58596 | Depths:4 | Killed Louise
 58613 | Depths:4 | Noticed Boris
 58616 | Depths:4 | Killed Boris
 58665 | Depths:4 | Found a flickering gateway to a bazaar.
 58678 | Bazaar   | Entered a bazaar
 58722 | Bazaar   | Found Exorch's Armour Emporium.
 58750 | Bazaar   | Found Ceurghid's Book Emporium.
 58811 | Bazaar   | Bought a +0 pair of boots of running for 409 gold pieces
 58926 | Depths:4 | Found a gateway to a ziggurat.
 59023 | Depths:4 | Reached XP level 25. HP: 115/132 MP: 36/52
 59465 | Vaults:4 | You paid a toll of a +6 demon blade to enter a treasure
                  | trove
 59466 | Trove    | Entered a treasure trove
 59497 | Trove    | Got a coiled garnet amulet
 59499 | Trove    | Got a crude jade amulet
 59503 | Trove    | Got a sparkling bone amulet
 59524 | Trove    | Got a fine flail
 59526 | Trove    | Got a jewelled great sword
 59667 | Vaults:4 | Killed an ancient lich
 59675 | Vaults:4 | Killed Raspi's ghost
 59750 | Vaults:4 | Identified the Papyrus of Floating Transmutation
 59754 | Vaults:4 | Got a transparent bronze amulet
 59758 | Vaults:4 | Got an encrusted cloak
 59761 | Vaults:4 | Identified Kikubaaqudgha's Guide on Unholy Rituals
 59886 | Bazaar   | Entered a bazaar
 59888 | Bazaar   | Found Egaxikli's Antique Armour Boutique.
 59892 | Bazaar   | Found Ajub's Assorted Antiques.
 59892 | Bazaar   | Found Teha's Book Boutique.
 59893 | Bazaar   | Found Sorenn's Weapon Boutique.
 59918 | Bazaar   | Bought a potion of heal wounds for 95 gold pieces
 59918 | Bazaar   | Bought a potion of brilliance for 76 gold pieces
 59918 | Bazaar   | Bought a potion of haste for 190 gold pieces
 59918 | Bazaar   | Bought a scroll of identify for 38 gold pieces
 59918 | Bazaar   | Bought 2 potions of lignification for 114 gold pieces
 59937 | Bazaar   | Bought the +0 flail "Elf's Curse" {elec, rPois Int+3 Dex+2}
                  | for 273 gold pieces
 59962 | Vaults:4 | Reached XP level 26. HP: 138/138 MP: 52/52
 59963 | Vaults:4 | Reached XP level 27. HP: 143/143 MP: 52/52
 59992 | Vaults:5 | Entered Level 5 of the Vaults
 60021 | Vaults:5 | Reached skill level 15 in Dodging
 60226 | Vaults:5 | Identified the +4 scimitar "Transmigrator" {drain, Dex+4}
 60244 | Vaults:5 | Identified the ring of the Nightingale {rC+ rN+ Dex+4}
 60255 | Vaults:5 | Found Hioshocwon's Magic Scroll Boutique.
 60265 | Vaults:5 | Bought a scroll of blinking for 165 gold pieces
 60265 | Vaults:5 | Bought a scroll of amnesia for 77 gold pieces
 60265 | Vaults:5 | Bought a scroll of teleportation for 66 gold pieces
 60265 | Vaults:5 | Bought a scroll of identify for 44 gold pieces
 60265 | Vaults:5 | Bought a scroll of teleportation for 66 gold pieces
 60276 | Vaults:5 | Identified the +4 long sword "Ziytunoph" {vorpal, *Rage rN+
                  | SInv}
 60292 | Vaults:5 | Identified the ring "Dimog" {Fire rElec} (You took it off a
                  | tengu reaver on level 5 of the Vaults)
 60437 | Vaults:5 | Found Panihefi's Magic Scroll Shoppe.
 60579 | Vaults:5 | Identified the cursed +1 rapier "Vutog" {vorpal, rPois
                  | Dex+7 Stlth+}
 60611 | Vaults:5 | Got a silver rune of Zot
 60677 | Vaults:5 | Acquired a Necronomicon
 60719 | Vaults:5 | Identified the amulet "Unakkeps" {rF+ Regen+} (You found it
                  | on level 5 of the Vaults)
 60745 | Vaults:5 | Learned a level 8 spell: Necromutation
 60755 | Vaults:5 | Learned a level 9 spell: Death's Door
 60760 | Vaults:5 | Learned a level 4 spell: Passage of Golubria
 60909 | Vaults:4 | Identified the amulet "Xyimej" {Reflect Dex+4 SH+5} (You
                  | found it in a treasure trove)
 60919 | Vaults:4 | Identified the amulet of Twilight {Inacc rC- Will++ Dex+3}
                  | (You found it in a treasure trove)
 60922 | Vaults:4 | Identified the +6 flail "Cianicwi" {vamp, *Noise rF+ rN+
                  | Int+4} (You found it in a treasure trove)
 60934 | Vaults:4 | Identified the amulet "Venimp" {Reflect rF- rN+ Str+7 SH+5}
                  | (You found it in a treasure trove)
 61003 | Vaults:4 | Identified the cursed +0 cloak of Relativism {SInv} (You
                  | found it on level 4 of the Vaults)
 61029 | Vaults:4 | Identified the amulet of Gochow {Reflect rF++ rC+ Str+5
                  | SH+5} (You found it on level 4 of the Vaults)
 61368 | Zig:1    | Entered Level 1 of a ziggurat
 61379 | Zig:1    | Acquired 798 gold pieces
 61389 | Zig:2    | Entered Level 2 of a ziggurat
 61461 | Zig:3    | Entered Level 3 of a ziggurat
 61503 | Zig:4    | Entered Level 4 of a ziggurat
 61507 | Zig:4    | Reached skill level 1 in Transmutations
 61512 | Zig:4    | Found the ring of the Tortoise {AC+8}
 61519 | Zig:4    | Identified the cursed -7 helmet "Miuphug" {-Cast rF+ rN+}
                  | (You found it on level 4 of a ziggurat)
 61553 | Zig:5    | Entered Level 5 of a ziggurat
 61579 | Zig:6    | Entered Level 6 of a ziggurat
 61603 | Zig:6    | Got a transparent glass ring
 61604 | Zig:6    | Identified the ring "Plog" {Str+4 Dex+6 Slay+3} (You found
                  | it on level 6 of a ziggurat)
 61607 | Zig:6    | Reached skill level 10 in Necromancy
 61609 | Zig:6    | Identified the Volume of Illusion
 61696 | Zig:7    | Entered Level 7 of a ziggurat
 61720 | Zig:7    | Identified the ring of the Distant Future {rN+ MP+9 Dex-4
                  | Stlth-} (You found it on level 7 of a ziggurat)
 61751 | Zig:8    | Entered Level 8 of a ziggurat
 61755 | Zig:8    | Noticed Lavves the pandemonium lord
 61761 | Zig:8    | Killed Lavves the pandemonium lord
 61773 | Zig:8    | Found the +8 glaive of the Guard {elec, spectral, AC+5}
 61873 | Zig:9    | Entered Level 9 of a ziggurat
 61882 | Zig:9    | Reached skill level 5 in Transmutations
 61911 | Zig:10   | Entered Level 10 of a ziggurat
 61939 | Zig:10   | Identified the Collected Works on Toxins
 61973 | Zig:11   | Entered Level 11 of a ziggurat
 61983 | Zig:11   | Noticed an ancient lich
 61985 | Zig:11   | Killed an ancient lich
 61987 | Zig:11   | Reached skill level 5 in Stealth
 61987 | Zig:11   | Noticed an ancient lich
 61988 | Zig:11   | Killed an ancient lich
 62016 | Zig:12   | Entered Level 12 of a ziggurat
 62080 | Zig:13   | Entered Level 13 of a ziggurat
 62106 | Zig:13   | Reached skill level 15 in Necromancy
 62179 | Zig:14   | Entered Level 14 of a ziggurat
 62205 | Zig:14   | Found the +8 whip "Snakebite" {curare, rPois}
 62215 | Zig:14   | Identified the Papyrus of Warped Intoxication
 62220 | Zig:14   | Identified the +0 robe "Vasibeso" {Will+} (You found it on
                  | level 14 of a ziggurat)
 62235 | Zig:15   | Entered Level 15 of a ziggurat
 62250 | Zig:15   | Found the +10 zealot's sword {holy, *Rage rN+ EV+3}
 62250 | Zig:15   | Found the +8 trident of the Octopus King {venom, rElec
                  | rPois Will+}
 62299 | Zig:15   | Reached skill level 10 in Stealth
 62307 | Zig:15   | Identified the Grimoire of Poisonous Transmigration
 62319 | Zig:15   | Identified the ring "Muapt" {rF+ rC+ SInv Stlth+} (You
                  | found it on level 15 of a ziggurat)
 62322 | Zig:15   | Gained mutation: You are frail. (-10% HP) [potion of
                  | mutation]
 62322 | Zig:15   | Gained mutation: You are partially covered in icy blue
                  | scales. (AC +2) [potion of mutation]
 62322 | Zig:15   | Gained mutation: You are agile. (Dex +2) [potion of
                  | mutation]
 62323 | Zig:15   | Lost mutation: You are frail. (-10% HP) [potion of
                  | mutation]
 62323 | Zig:15   | Lost mutation: You are agile. (Dex +2) [potion of mutation]
 62323 | Zig:15   | Lost mutation: You are partially covered in icy blue
                  | scales. (AC +2) [potion of mutation]
 62323 | Zig:15   | Gained mutation: You are frail. (-10% HP) [potion of
                  | mutation]
 62323 | Zig:15   | Gained mutation: You occasionally shout uncontrollably at
                  | your foes. [potion of mutation]
 62323 | Zig:15   | Gained mutation: You can translocate small distances at
                  | will. [potion of mutation]
 62324 | Zig:15   | Lost mutation: You are frail. (-10% HP) [potion of
                  | mutation]
 62324 | Zig:15   | Lost mutation: You occasionally shout uncontrollably at
                  | your foes. [potion of mutation]
 62324 | Zig:15   | Lost mutation: You can translocate small distances at will.
                  | [potion of mutation]
 62324 | Zig:15   | Gained mutation: Your mind is acute. (Int +2) [potion of
                  | mutation]
 62324 | Zig:15   | Gained mutation: You have a somewhat thin skeletal
                  | structure. (Dex +2, Stealth) [potion of mutation]
 62324 | Zig:15   | Gained mutation: You are partially covered in molten
                  | scales. (AC +2) [potion of mutation]
 62355 | Zig:16   | Entered Level 16 of a ziggurat
 62371 | Zig:16   | Reached skill level 10 in Transmutations
 62390 | Zig:16   | Identified the ring "Vasogexa" {rPois rN+ SInv} (You found
                  | it on level 16 of a ziggurat)
 62395 | Zig:16   | Identified the Catalogue of the Aged Knives
 62441 | Zig:17   | Entered Level 17 of a ziggurat
 62456 | Zig:17   | Noticed Anotwuwk the pandemonium lord
 62459 | Zig:17   | Killed Anotwuwk the pandemonium lord
 62641 | Zig:17   | Found the brooch of Shielding {Spirit SH+8}
 62678 | Zig:18   | Entered Level 18 of a ziggurat
 62712 | Zig:18   | Identified the +3 robe of Donoqug {rElec Str-3 Int+3 Dex+4}
                  | (You found it on level 18 of a ziggurat)
 62748 | Zig:19   | Entered Level 19 of a ziggurat
 62780 | Zig:19   | Identified the ring "Moettec" {rElec rF+ rC+ Dex+2} (You
                  | found it on level 19 of a ziggurat)
 62783 | Zig:19   | Identified the amulet of Xom's Wantonness {*Corrode rC+
                  | Regen+ Str+7 Stlth+} (You found it on level 19 of a
                  | ziggurat)
 62799 | Zig:19   | Identified the +2 leather armour of the Equinox {rPois
                  | rCorr Str+3} (You found it on level 19 of a ziggurat)
 62806 | Zig:19   | Identified the Collected Works on Dusty Envenoming
 62824 | Zig:19   | Identified the cursed +1 war axe "Ticw" {elec, Str+5 Int+2}
                  | (You found it on level 19 of a ziggurat)
 62827 | Zig:20   | Entered Level 20 of a ziggurat
 63447 | Zig:20   | Reached skill level 27 in Spellcasting
 63449 | Zig:20   | Identified the ring "Banilesh" {rF- rN+ Dex+7 SInv Stlth-}
                  | (You found it on level 20 of a ziggurat)
 63462 | Zig:20   | Identified the ring of Xom's Entertainment {+Fly rF+ rC+}
                  | (You found it on level 20 of a ziggurat)
 63466 | Zig:21   | Entered Level 21 of a ziggurat
 63726 | Zig:22   | Entered Level 22 of a ziggurat
 63745 | Zig:22   | Reached skill level 5 in Earth Magic
 63749 | Zig:22   | Reached skill level 15 in Evocations
 63809 | Zig:23   | Entered Level 23 of a ziggurat
 63819 | Zig:23   | Noticed a royal mummy
 63821 | Zig:23   | Noticed a royal mummy
 63821 | Zig:23   | Noticed a royal mummy
 63822 | Zig:23   | Noticed a royal mummy
 63822 | Zig:23   | Killed a royal mummy
 63823 | Zig:23   | Killed a royal mummy
 63823 | Zig:23   | Noticed a royal mummy
 63824 | Zig:23   | Noticed a royal mummy
 63824 | Zig:23   | Noticed a royal mummy
 63825 | Zig:23   | Noticed a royal mummy
 63825 | Zig:23   | Noticed a royal mummy
 63827 | Zig:23   | Killed a royal mummy
 63830 | Zig:23   | Killed a royal mummy
 63830 | Zig:23   | Killed a royal mummy
 63831 | Zig:23   | Reached skill level 10 in Earth Magic
 63831 | Zig:23   | Killed a royal mummy
 63832 | Zig:23   | Killed a royal mummy
 63833 | Zig:23   | Killed a royal mummy
 63834 | Zig:23   | Killed a royal mummy
 63870 | Zig:23   | Identified the Volume of Summoning and the Mountains
 63883 | Zig:23   | Identified the +1 robe "Haatus" {Rampage} (You found it on
                  | level 23 of a ziggurat)
 63953 | Zig:24   | Entered Level 24 of a ziggurat
 63970 | Zig:24   | Reached skill level 10 in Fighting
 63977 | Zig:24   | Killed an ancient lich
 64001 | Zig:24   | Identified the +3 pair of gloves "Jouj" {*Contam rN+++
                  | Str+8} (You found it on level 24 of a ziggurat)
 64039 | Zig:25   | Entered Level 25 of a ziggurat
 64068 | Zig:25   | Reached skill level 15 in Earth Magic
 64083 | Zig:25   | Found the ring of Shadows {Umbra +Inv Stlth+}
 64091 | Zig:25   | Identified Vehumet's Reference Book on Glacial
                  | Confrontation
 64094 | Zig:25   | Identified the Almanac of Creative Air
 64121 | Zig:26   | Entered Level 26 of a ziggurat
 64130 | Zig:26   | Noticed Quta the pandemonium lord
 64130 | Zig:26   | Noticed Usiybyp the pandemonium lord
 64133 | Zig:26   | Noticed Enaepu the pandemonium lord
 64134 | Zig:26   | Noticed a juggernaut
 64135 | Zig:26   | Noticed Yracen the pandemonium lord
 64136 | Zig:26   | Killed a juggernaut
 64136 | Zig:26   | Killed Enaepu the pandemonium lord
 64136 | Zig:26   | Noticed Okhesm the pandemonium lord
 64137 | Zig:26   | Killed Quta the pandemonium lord
 64139 | Zig:26   | Killed Okhesm the pandemonium lord
 64139 | Zig:26   | Killed Yracen the pandemonium lord
 64139 | Zig:26   | Noticed Cisk the pandemonium lord
 64139 | Zig:26   | Noticed Roten the pandemonium lord
 64140 | Zig:26   | Killed Usiybyp the pandemonium lord
 64140 | Zig:26   | Killed Hygohuam the pandemonium lord
 64140 | Zig:26   | Noticed Tocralaa the pandemonium lord
 64141 | Zig:26   | Noticed Xycicom the pandemonium lord
 64142 | Zig:26   | Killed Tocralaa the pandemonium lord
 64143 | Zig:26   | Killed Roten the pandemonium lord
 64143 | Zig:26   | Noticed Laysch the pandemonium lord
 64144 | Zig:26   | Killed Xycicom the pandemonium lord
 64144 | Zig:26   | Killed Cisk the pandemonium lord
 64145 | Zig:26   | Killed Laysch the pandemonium lord
 64145 | Zig:26   | Killed Dytydica the pandemonium lord
 64145 | Zig:26   | Noticed Ananoett the pandemonium lord
 64148 | Zig:26   | Killed Neockuoh the pandemonium lord
 64150 | Zig:26   | Noticed Diosojesm the pandemonium lord
 64151 | Zig:26   | Noticed Buchiff the pandemonium lord
 64151 | Zig:26   | Killed Ananoett the pandemonium lord
 64151 | Zig:26   | Noticed Emoem the pandemonium lord
 64153 | Zig:26   | Noticed Lajyuzxo the pandemonium lord
 64154 | Zig:26   | Killed Diosojesm the pandemonium lord
 64155 | Zig:26   | Killed Lajyuzxo the pandemonium lord
 64156 | Zig:26   | Killed Emoem the pandemonium lord
 64157 | Zig:26   | Reached skill level 27 in Dodging
 64157 | Zig:26   | Killed Buchiff the pandemonium lord
 64170 | Zig:26   | Found the ring of the Hare {EV+8}
 64178 | Zig:26   | Identified the Catalogue of Intoxication and the Glacier
 64181 | Zig:26   | Got a pitted turquoise ring
 64182 | Zig:26   | Identified the ring "Viellir" {*Drain rElec rC+ Str+6
                  | Dex+6} (You found it on level 26 of a ziggurat)
 64192 | Zig:26   | Identified the Handbook of Supportive Earth
 64233 | Zig:27   | Entered Level 27 of a ziggurat
 64300 | Zig:27   | Identified the +1 robe "Mymum" {rN+ MP+9 Str-5 Dex+5} (You
                  | found it on level 27 of a ziggurat)
 64306 | Zig:27   | Identified the +4 leather armour of the Planets {rN++ Will+
                  | Int-2} (You found it on level 27 of a ziggurat)
 64312 | Zig:27   | Got a slimy silver ring
 64313 | Zig:27   | Identified the ring "Lemn" {rElec rCorr} (You found it on
                  | level 27 of a ziggurat)
 64320 | Zig:27   | Acquired a manual of Evocations
 64329 | Zig:27   | Identified the Catalogue of Creative Lightness
 64352 | Zig:27   | Reached skill level 27 in Fire Magic
 64355 | Zig:27   | Got an ichor-stained robe
 64390 | Zig:1    | Entered Level 1 of a ziggurat
 64405 | Zig:2    | Entered Level 2 of a ziggurat
 64485 | Zig:3    | Entered Level 3 of a ziggurat
 64488 | Zig:3    | Noticed a juggernaut
 64490 | Zig:3    | Killed a juggernaut
 64508 | Zig:4    | Entered Level 4 of a ziggurat
 64530 | Zig:4    | Got a crude cloak
 64541 | Zig:5    | Entered Level 5 of a ziggurat
 64581 | Zig:5    | Got an ichor-stained leather armour
 64583 | Zig:6    | Entered Level 6 of a ziggurat
 64591 | Zig:6    | Noticed an ancient lich
 64594 | Zig:6    | Killed an ancient lich
 64615 | Zig:7    | Entered Level 7 of a ziggurat
 64620 | Zig:7    | Noticed an ancient lich
 64622 | Zig:7    | Killed an ancient lich
 64641 | Zig:7    | Got a flickering golden ring
 64655 | Zig:8    | Entered Level 8 of a ziggurat
 64698 | Zig:9    | Entered Level 9 of a ziggurat
 64704 | Zig:9    | Noticed Jeyro the pandemonium lord
 64706 | Zig:9    | Noticed Tuimau the pandemonium lord
 64707 | Zig:9    | Killed Jeyro the pandemonium lord
 64709 | Zig:9    | Killed Tuimau the pandemonium lord
 64711 | Zig:9    | Noticed Teegh the pandemonium lord
 64712 | Zig:9    | Killed Teegh the pandemonium lord
 64726 | Zig:9    | Identified the +1 robe "Reibb" {rF- Str+5} (You found it on
                  | level 27 of a ziggurat)
 64749 | Zig:9    | Got a heavily runed gossamer ring
 64754 | Zig:10   | Entered Level 10 of a ziggurat
 64790 | Zig:10   | Got an encrusted leather armour
 64793 | Zig:11   | Entered Level 11 of a ziggurat
 64797 | Zig:11   | Noticed Xalycs the pandemonium lord
 64800 | Zig:11   | Killed Xalycs the pandemonium lord
 64800 | Zig:11   | Noticed Fiuroret the pandemonium lord
 64803 | Zig:11   | Killed Fiuroret the pandemonium lord
 64838 | Zig:11   | Identified the Papyrus of Attacks and Darkness
 64840 | Zig:11   | Identified Soobuah's Almanac of Calling and Dark Rites
 64844 | Zig:11   | Identified the +2 cloak of Hairy Salvation {*Contam rF++
                  | Int+3} (You found it on level 4 of a ziggurat)
 64848 | Zig:12   | Entered Level 12 of a ziggurat
 64882 | Zig:12   | Identified the Papyrus of Stones
 64892 | Zig:12   | Identified the Compendium of the Fetching Snowflakes
 64902 | Zig:13   | Entered Level 13 of a ziggurat
 64910 | Zig:13   | Reached skill level 5 in Armour
 64955 | Zig:13   | Got a faintly glowing wooden ring
 64971 | Zig:14   | Entered Level 14 of a ziggurat
 65012 | Zig:14   | Got a dull robe
 65014 | Zig:14   | Identified the +1 robe "Soceusche" {-Tele rC+ Dex+2} (You
                  | found it on level 14 of a ziggurat)
 65034 | Zig:15   | Entered Level 15 of a ziggurat
 65086 | Zig:15   | Identified the +3 leather armour "Dexkesho" {Harm rF+ rC+}
                  | (You found it on level 10 of a ziggurat)
 65111 | Zig:15   | Identified the +1 leather armour "Diorox" {rPois Slay+3
                  | SInv} (You found it on level 5 of a ziggurat)
 65114 | Zig:16   | Entered Level 16 of a ziggurat
 65123 | Zig:16   | Noticed Reang the pandemonium lord
 65126 | Zig:16   | Noticed Cyebadif the pandemonium lord
 65135 | Zig:16   | Noticed Feeranun the pandemonium lord
 65138 | Zig:16   | HP: 4/159 [Cyebadif the pandemonium lord (27)]
 65138 | Zig:16   | Noticed Umyuj the pandemonium lord
 65143 | Zig:16   | Slain by Reang the pandemonium lord

Illustrated notes

Levels and vault maps discovered:
D:1:      mrwooster_arrival_arrow, layout_basic, minmay_pentomino_p4
D:2:      layout_basic, lemuel_crystal_altar, uniq_terence
D:3:      wander_river, layout_basic, serial_glass, glass_columns_a,
          glass_columns_a, guppyfry_early_lair_pool
D:4:      layout_cave_pods, old_standard_altar, serial_shops,
          nicolae_shop_behind_doors, uniq_sigmund
D:5:      layout_cave_pods, serial_shops, kennysheep_mini_moat,
          hangedman_decor_riveting
D:6:      layout_layer_cave, minmay_temple_entry_statues_fountains,
          serial_shops, shop, supply_closet_lemuel, nemelex_diamond_rough_becter
D:7:      layout_loops_corners, nicolae_ossuary_entry_giza,
          minmay_large_rounded_square, nrook_mini_backslash,
          nicolae_xom_altar_mimics
D:8:      layout_loops_ring, grunt_ministairs_10, kennysheep_generic_room_12
D:9:      layout_rooms, amethyst_overflow_temple_binary, orc_david_3,
          gammafunk_ghost_berserking_beasts
D:10:     layout_grid_maze, david_lair_shrubbed, serial_shops,
          nicolae_shop_behind_doors, lemuel_flamethrower_2
D:11:     layout_long_grid
D:12:     layout_irregular_city, serial_bayou_crossing, uniq_rupert
D:13:     layout_irregular_city, kennysheep_just_a_vault, uniq_erolcha,
          uniq_snorg
D:14:     layout_rooms, grunt_vaults_entry_tiered, minmay_misc_feat_room,
          kennysheep_kite_vault
D:15:     gammafunk_enter_depths_forms, layout_irregular_city, minivault_4,
          onia_ninara_cookie
Temple:   dpeg_five_rooms_temple
Lair:1:   layout_cave_pods
Lair:2:   layout_roguey, amcnicky_mini_pool_medium, grunt_megastairs_4,
          uniq_prince_ribbit2
Lair:3:   layout_chaotic_city, basic_altar, infiniplex_staircase_pool,
          grunt_megastairs_3
Lair:4:   layout_small_grid, shoals_dummy_entry,
          minmay_snake_entry_six_corridors
Lair:5:   layout_regular_city, portal_ice_cave_entry_pillars_1, st_stairs_5,
          disabler_island
Lair:6:   grunt_lair_end_beastmaster, layout_regular_city,
          minmay_slime_entry_oklob_open
Shoals:1: layout_shoals, serial_shops, shop, st_shoals_ruin, uniq_roxanne,
          uniq_jorgrun
Shoals:2: layout_shoals, serial_shops, shop_fountains,
          nicolae_shoals_isolated_beach
Shoals:3: layout_shoals, uniq_polyphemus
Shoals:4: shoals_end_grunt_ice, layout_shoals
Snake:1:  gammafunk_sealed_library, layout_chambers, serial_bayou_shore_b
Snake:2:  layout_onion, serial_shops, shop, grunt_ministairs_3,
          minmay_shop_star, grunt_megastairs_5
Snake:3:  layout_cave_town, basic_altar, hangedman_corner_corridor
Snake:4:  snake_pit, layout_onion_interference, lemuel_fruit_tree, uniq_vashnia
Slime:1:  layout_caves
Slime:2:  layout_caves
Slime:3:  layout_caves
Slime:4:  layout_caves
Slime:5
Orc:1:    layout_diamond_mine
Orc:2:    st_orc_town, layout_caves, serial_shops, shop
Elf:1:    layout_geoelf_grid, hangedman_elven_crosses_minicolossus, uniq_donald,
          uniq_agnes
Elf:2:    layout_loops_corners, uniq_louise
Elf:3:    grunt_elf_hall_asides, layout_geoelf_grid, minmay_misc_feat_cross,
          minivault_26, amcnicky_mini_pool_small, serial_sigils_hangedman_shear,
          statue_in_the_mist_lemuel
Vaults:1: nicolae_vaults_stairing_the_circle, ontoclasm_vaults_ligature,
          v_rooms_3, vaults_mumra_hexcomb, v_alt_pattern_3,
          hangedman_vaults_locks, v_alt_pattern_2, v_misc_32, v_misc_23,
          layout_vaults_omnicross, serial_shops, shop_statue, uniq_aizul
Vaults:2: minmay_crypt_entry_skeletal_spiral, hangedman_vaults_corner,
          v_misc_11, sword_in_stone, vaults_dpeg_diagonal,
          nicolae_vaults_big_angled_halls, vaults_mumra_hex,
          vaults_room_corners, vaults_room_semicircle, vaults_room_ringed_pool,
          ontoclasm_vaults_twist, layout_vaults_chaotic_city
Vaults:3: v_misc_4, ontoclasm_vaults_ring_small,
          ontoclasm_vaults_decontamination, grunt_vaults_diagonal, v_pattern_5,
          vaults_mumra_lcd, dpeg_vaults_monster_row,
          ontoclasm_vaults_fire_temple, v_misc_23, v_misc_28,
          ontoclasm_vaults_chip, nicolae_vaults_network_barrier,
          vaults_room_semicircle, nicolae_vaults_little_squares_3,
          layout_vaults_maze_snakey
Vaults:4: gammafunk_vaults_ghost_crypt, v_alt_pattern_4, special_room_vaults
          [special_room_orc], v_misc_19, nicolae_vaults_mini_display_case,
          hangedman_vaults_trim, nicolae_vaults_angled_halls,
          nicolae_vaults_alarming, layout_vaults_quadrants,
          nicolae_trove_entry_columns, serial_shops, bzr_entry_dummy
Vaults:5
Crypt:1:  layout_rooms, uniq_margery
Crypt:2:  layout_catacombs, lemuel_dead_fish_pool
Crypt:3:  david_glass_crypt, layout_basic,
          nicolae_tomb_entry_unfolded_pyramid_diagonal
Depths:1: layout_cave_pools, hangedman_decor_peaks_small, hell_entry,
          minmay_fountain_box, hallowed_hall, uniq_asterion, uniq_saint_roka,
          uniq_nikola
Depths:2: mu_elephants_graveyard, layout_basic, minmay_misc_feat_four_crosses,
          hell_entry, kennysheep_nondescript
Depths:3: hangedman_cross_cluster, layout_twisted_cross,
          pf_dread_powers_of_hell, rand_demon_pan_entry_1, serial_shops, shop,
          lightli_fourway_metalbox, uniq_boris
Depths:4: minmay_the_grid_octo_tiled_octocenter_mashed
          [minmay_the_grid_octo_checkered, minmay_the_grid_octo_pinwheel,
          minmay_the_grid_octo_odd_swirl, minmay_the_grid_octo_thin_diamonds,
          minmay_the_grid_octo_prize_star,
          minmay_the_grid_square_5x5_three_walls,
          minmay_the_grid_square_5x5_three, minmay_the_grid_square_5x5_inner_i,
          minmay_the_grid_square_5x5_spiral], layout_cave_shapes,
          enter_ziggurat_b, hell_entry, serial_shops, bzr_entry_safe,
          nicolae_abyss_entry_one_way_or_another
Zig:16

Skill      XL: |  1  2  3  4  5  6  7  8  9 10 11 12 13 14 15 16 17 18 19 20 21 22 23 24 25 26 27 |
---------------+----------------------------------------------------------------------------------+-----
Fire Magic     | 4 5 6 7 9 11 12 13 15 16 18 19 20 21 22 23 24 25 27 | 27.0
Conjurations   | 2 3 4 5 6 7 9 10 11 12 13 14 15 16 17 18 19 20 24 | 24.3
Spellcasting   | 4 5 6 8 9 10 11 13 14 15 16 17 18 19 20 21 22 23 27 | 27.0
Evocations     | 2 4 5 7 8 9 10 11 12 21 | 21.0
Stealth        | 3 10 | 10.0
Dodging        | 4 6 7 9 10 11 12 13 14 27 | 27.0
Fighting       | 2 3 4 5 6 12 | 12.9
Shields        | 3 4 5 6 8 |  8.2
Armour         | 2 4 6 |  6.0
Necromancy     | 5 6 7 8 22 | 22.0
Air Magic      | 9 15 18 20 | 20.6
Transmutations | 14 | 14.0
Earth Magic    | 20 | 20.7

Action                   |  1- 3 |  4- 6 |  7- 9 | 10-12 | 13-15 | 16-18 | 19-21 | 22-24 | 25-27 || total
-------------------------+-------+-------+-------+-------+-------+-------+-------+-------+-------++-------
Melee: Flail             |       |    24 |     1 |       |       |       |       |       |       ||    25
       Long sword        |       |       |     9 |    16 |    18 |       |       |       |       ||    43
       Staff             |       |       |       |       |     2 |     2 |     6 |     1 |       ||    11
 Cast: Foxfire           |    63 |   182 |   390 |   424 |   339 |    21 |       |       |       ||  1419
       Fireball          |       |       |     4 |   110 |   430 |   147 |    38 |     7 |     2 ||   738
       Sticky Flame      |       |       |    15 |    28 |    39 |     2 |       |       |       ||    84
       Magic Dart        |       |       |     7 |     5 |     6 |     2 |       |       |       ||    20
       Mephitic Cloud    |       |       |     3 |    11 |     3 |       |       |       |       ||    17
       Conjure Flame     |       |       |     3 |     8 |     1 |       |       |       |       ||    12
       Blink             |       |       |       |     4 |    10 |     6 |     7 |       |     7 ||    34
       Conjure Ball Ligh |       |       |       |       |     6 |       |       |       |       ||     6
       Orb of Destructio |       |       |       |       |    40 |    74 |     6 |     4 |     5 ||   129
       Starburst         |       |       |       |       |     2 |    14 |     1 |     8 |     5 ||    30
       Iskenderun's Batt |       |       |       |       |     1 |     7 |     1 |       |       ||     9
       Bolt of Magma     |       |       |       |       |       |    11 |     2 |     1 |       ||    14
       Fire Storm        |       |       |       |       |       |    89 |   314 |   360 |   509 ||  1272
       Ignition          |       |       |       |       |       |    13 |    10 |     3 |    15 ||    41
       Sublimation of Bl |       |       |       |       |       |    17 |    84 |    57 |    26 ||   184
       Shatter           |       |       |       |       |       |       |       |       |    16 ||    16
       Tornado           |       |       |       |       |       |       |       |       |     9 ||     9
       Necromutation     |       |       |       |       |       |       |       |       |     2 ||     2
       Death's Door      |       |       |       |       |       |       |       |       |     2 ||     2
       Passage of Golubr |       |       |       |       |       |       |       |       |     1 ||     1
 Abil: End Transformatio |       |       |       |       |       |       |       |       |     2 ||     2
Evoke: Wand              |       |       |     4 |     5 |     3 |     4 |     4 |     1 |     9 ||    30
       Box of beasts     |       |       |       |       |       |       |       |       |     1 ||     1
       Figurine of a zig |       |       |       |       |       |       |       |       |     1 ||     1
  Use: Potion            |     2 |       |       |       |     2 |     2 |       |       |    39 ||    45
       Scroll            |       |     1 |    17 |     7 |    21 |    19 |    15 |    18 |    39 ||   137
 Stab: Sleeping          |       |     3 |       |       |       |       |       |       |       ||     3
Armor: Robe              |     2 |    29 |     6 |    25 |    17 |     8 |     1 |       |     8 ||    96
Dodge: Dodged            |    21 |    44 |    31 |    67 |    62 |    49 |    30 |    13 |    85 ||   402
Block: Buckler           |       |       |       |    21 |    25 |    25 |    15 |    13 |    31 ||   130
       Rpst.: Long sword |       |       |     5 |    16 |    12 |       |       |       |       ||    33
